 Dungeon Sprint DCSS version 0.27.0-66-gdc8fb28755 (webtiles) character file.

Game seed: 7670462288059824796

50 ABBCCCDDDD the Covered (level 3, -5/36 HPs)
             Began as a Minotaur Fighter on Aug 19, 2021.
             Slain by a water elemental (15 damage)
             ... in the Dungeon (Sprint III: "The Ten Rune Challenge").
             The game lasted 00:00:42 (200 turns).

ABBCCCDDDD the Covered (Minotaur Fighter)            Turns: 200, Time: 00:00:42

Health: -5/36      AC:  8    Str: 21    XL:     3   Next: 55%
Magic:  2/2        EV: 11    Int:  7    God:
Gold:   30         SH: 10    Dex:  9    Spells: 2/2 levels left

rFire    . . .     SeeInvis .   a - +0 war axe
rCold    . . .     Faith    .   c - +0 kite shield
rNeg     . . .     Spirit   .   b - +0 scale mail
rPois    .         Reflect  .   (helmet unavailable)
rElec    .         Harm     .   d - +0 cloak
rCorr    .         Rampage  .   (no gloves)
Will     .....     NoTele   +   (no boots)
Stlth    ..........             (no amulet)
HPRegen  0.12/turn              k - +4 ring of evasion
MPRegen  0.08/turn              (no ring)

@: no status effects
A: horns 3, retaliatory headbutt, clever 1
a: no special abilities


You were in the Dungeon.
You visited 1 branch You collected 30 gold pieces.

Inventory:

Hand Weapons
 a - a +0 war axe (weapon)
Armour
 b - a +0 scale mail (worn)
 c - a +0 kite shield (worn)
 d - a +0 cloak (worn)
Jewellery
 k - a +4 ring of evasion (left hand)
Scrolls
 j - a scroll of blinking
 l - 2 scrolls of torment {unknown}
 m - a scroll of identify {unknown}
 p - a scroll of magic mapping {unknown}
Potions
 e - a potion of curing
 f - 2 potions of heal wounds
 g - a potion of haste
 h - 2 potions of magic
 i - a potion of berserk rage
 n - a potion of flight {unknown}
 o - 2 potions of mutation
 q - a potion of resistance {unknown}


   Skills:
 + Level 5.5 Fighting
 + Level 4.8 Axes
 + Level 5.5 Armour
 + Level 5.5 Shields


You had 2 spell levels left.
You didn't know any spells.
Your spell library was empty.

Dungeon Overview and Level Annotations

Branches:
Dungeon (1/1)

Altars:


Innate Abilities, Weirdness & Mutations

You have a pair of large horns on your head.
You reflexively headbutt those who attack you in melee.
Your mind is acute. (Int +2)


Message History

You now have 30 gold pieces (gained 14).
Really quaff the potion of mutation?
You feel extremely strange.
Your feet thicken and deform.
You feel your magical essence link to the dungeon's wands.
Really quaff the potion of mutation?
You feel extremely strange.
Your hooves expand and flesh out into feet!
Your magical essence no longer links to wands of the dungeon.
You feel clever. The horns on your head grow some more.
There is an open door here.
You enter the shallow water.
Moving in this stuff is going to be slow.
You open the door.
A water elemental comes into view.
Okay, then.
You hit the water elemental but do no damage.
You headbutt the water elemental, but do no damage.
The water elemental hits you!
You slash the water elemental!
The water elemental is heavily damaged.
You block the water elemental's attack. The water elemental hits you.
You barely miss the water elemental.
The water elemental is heavily damaged.
The water elemental hits you!
The water elemental engulfs you in water!
You slip free of the water engulfing you.
You gasp with relief as air once again reaches your lungs.
You barely miss the water elemental.
The water elemental is moderately damaged.
The water elemental hits you.
* * * LOW HITPOINT WARNING * * *
The water elemental engulfs you in water!
You block the water elemental's attack.
You slip free of the water engulfing you.
You gasp with relief as air once again reaches your lungs.
You hit the water elemental.
The water elemental is heavily damaged.
The water elemental hits you!
You die...

▓▓▓▓▓▓▓▓▓▓▓ ▓▓▓
▓<.#..'...♣♣♣♣ ♣.#
▓..#..#......♣ ♣.#
▓#'####.....♣♣ ♣.#
▓..†..#....≈♣ ♣♣.# #+#+#
▓.....#...≈≈♣♣♣♣..#......
▓.....#).≈≈≈≈.♣♣..'.⌠....
▓####'#..≈≈≈≈≈≈♣..#...###
▓....†#.≈≈≈≈≈≈.@E.# ⌠.#
▓.....#.≈≈≈≈≈.....# .#
▓.....#.≈≈≈.......# #
▓'#####...........#
▓......†..........#
▓▓▓▓▓▓▓▓▓▓▓▓▓▓▓▓▓▓▓


You could see a water elemental.

Levels and vault maps discovered:
D:        dungeon_sprint_mu [sprint_mu_entry_forest, sprint_mu_temple_rooms,
          sprint_mu_d1_horrors, sprint_mu_d2_genie, sprint_mu_d3_branching,
          sprint_mu_orc_legion, sprint_mu_elf_gauntlet, sprint_mu_hive_nellie,
          sprint_mu_lair_fedhas, sprint_mu_vaults_butterflies,
          sprint_mu_slime_circle, sprint_mu_shoals_kraken,
          sprint_mu_snake_twists, sprint_mu_blade_basic, sprint_mu_crypt_lich,
          sprint_mu_tomb_spiral, sprint_mu_vestibule_basic,
          sprint_mu_gehenna_hellfire, sprint_mu_dis_giant,
          sprint_mu_tartarus_statrot, sprint_mu_cocytus_islands, sprint_mu_zot1]

Notes
Turn   | Place    | Note
-------+----------+-------------------------------------------
     0 | D        | ABBCCCDDDD the Minotaur Fighter began the quest for the
                  | Orb.
     0 | D        | Reached XP level 1. HP: 19/19 MP: 0/0
    43 | D        | Reached XP level 2. HP: 18/28 MP: 1/1
    45 | D        | Noticed Crazy Yiuf
    51 | D        | Killed Crazy Yiuf
    52 | D        | Reached skill level 5 in Fighting
    52 | D        | Reached skill level 5 in Armour
    52 | D        | Reached skill level 5 in Shields
    52 | D        | Reached XP level 3. HP: 23/36 MP: 2/2
   178 | D        | Gained mutation: You have large cloven feet. [potion of
                  | mutation]
   178 | D        | Gained mutation: You expend magic power (3 MP) to
                  | strengthen your wands. [potion of mutation]
   179 | D        | Lost mutation: You have large cloven feet. [potion of
                  | mutation]
   179 | D        | Lost mutation: You expend magic power (3 MP) to strengthen
                  | your wands. [potion of mutation]
   179 | D        | Gained mutation: Your mind is acute. (Int +2) [potion of
                  | mutation]
   179 | D        | Gained mutation: You have a pair of large horns on your
                  | head. [potion of mutation]
   192 | D        | Noticed a water elemental
   200 | D        | Slain by a water elemental

Table legend: (Time is in decaauts)
 A = Elapsed time spent in this place.
 B = Non-inter-level travel time spent in this place.
 C = Inter-level travel time spent in this place.
 D = Time resting spent in this place.
 E = Time spent auto-exploring this place.
 F = Levels seen in this place.
 G = Mean time per level.
                   A        B        C        D        E       F      G
               +--------+--------+--------+--------+--------+-----+--------+
         Total |    209 |    209 |      0 |    101 |     33 |   1 |  209.0 |
       Dungeon |    209 |    209 |      0 |    101 |     33 |   1 |  209.0 |
               +--------+--------+--------+--------+--------+-----+--------+

Top non-repeatable levels by time:
       D: 209 daAuts

Table legend:
 A = Kills in this place as a percentage of kills in entire the game.
 B = Kills by you in this place as a percentage of kills by you in the entire game.
 C = Kills by friends in this place as a percentage of kills by friends in the entire game.
 D = Other kills in this place as a percentage of other kills in the entire game.
 E = Experience gained in this place as a percentage of experience gained in the entire game.
 F = Experience gained in this place divided by the number of levels of this place that you have seen.
                   A       B       C       D       E      F
               +-------+-------+-------+-------+-------+----------------------
         Total | 100.0 | 100.0 |   N/A |   N/A | 100.0 |  72.0
       Dungeon | 100.0 | 100.0 |   N/A |   N/A | 100.0 |  72.0
               +-------+-------+-------+-------+-------+----------------------

Action                   || total
-------------------------++-------
Melee: War axe           ||    17
       Headbutt          ||     4
  Use: Potion            ||     3
Armor: Scale mail        ||     2
Dodge: Dodged            ||     3
Block: Kite shield       ||     6

Vanquished Creatures
  Crazy Yiuf (D)
  A human (D)
  An endoplasm (D)
  3 rats (D)
6 creatures vanquished.
